 Dungeon Crawl Stone Soup version 0.20.1-1-g8b1a95d (webtiles) character file.

374 papiloppo the Skirmisher (level 6, -11/56 HPs)
             Began as a Minotaur Berserker on Nov 23, 2017.
             Was a Priest of Trog.
             Mangled by Sigmund
             ... wielding a +0 scythe
              (13 damage)
             ... on level 4 of the Dungeon on Nov 24, 2017.
             The game lasted 00:09:33 (4046 turns).

papiloppo the Skirmisher (Minotaur Berserker)       Turns: 4046, Time: 00:09:34

Health: -11/56     AC:  6    Str: 23    XL:     6   Next: 43%
Magic:  5/5        EV: 12    Int:  4    God:    Trog [***...]
Gold:   124        SH:  0    Dex: 10    Spells: 5/5 levels left

rFire    . . .     SeeInvis .   a - +1 hand axe
rCold    . . .     Gourm    .   (no shield)
rNeg     . . .     Faith    .   w - +0 ring mail (curse)
rPois    .         Spirit   .   (helmet restricted)
rElec    .         Reflect  .   x - scarf {cloud immunity}
rCorr    .         Harm     .   (no gloves)
MR       .....     Rnd*Tele +   (no boots)
Stlth    +.........             (no amulet)
Regen    0.2/turn               v - ring of stealth
MPRegen  0.1/turn               c - ring of teleportation (curse)

@: confused, berserk cooldown
A: retaliatory headbutt, horns 2
a: Berserk, Trog's Hand, Burn Spellbooks, Renounce Religion


You were on level 4 of the Dungeon.
You worshipped Trog.
Trog was most pleased with you.
You were not hungry.

You visited 1 branch of the dungeon, and saw 5 of its levels.

You collected 124 gold pieces.

Inventory:

Hand Weapons
 a - a +1 hand axe (weapon)
Armour
 b - a +0 animal skin
 q - a +0 helmet
 s - a +0 scale mail
 w - a cursed +0 ring mail (worn)
 x - a scarf of cloud immunity (worn)
Jewellery
 c - a cursed ring of teleportation (right hand)
 v - a ring of stealth (left hand)
Scrolls
 d - 3 scrolls of identify
 g - a scroll of amnesia {unknown}
 j - 2 scrolls of remove curse {unknown}
 k - a scroll of recharging {unknown}
 o - 2 scrolls of fog {unknown}
 p - a scroll of teleportation {unknown}
 t - a scroll of magic mapping {unknown}
 y - a scroll of blinking {unknown}
 z - a scroll of random uselessness {unknown}
Potions
 f - 2 potions of cancellation
 h - a potion of brilliance
 l - a potion of might {unknown}
 u - a potion of heal wounds {unknown}
Books
 m - a book of Misfortune

   Spells                             Type                      Level
   a - Confusing Touch                Hexes                        1
   b - Confuse                        Hexes                        3
   c - Gell's Gravitas                Translocation                3
   d - Petrify                        Transmutation/Earth          4
   e - Metabolic Englaciation         Hexes/Ice                    5
   f - Yara's Violent Unravelling     Hexes/Transmutation          5
   Trog disapproves of the use of such an item.
Comestibles
 i - 4 meat rations
 n - 3 royal jellies


   Skills:
 + Level 5.5 Fighting
 + Level 5.4 Axes
 + Level 4.4 Armour
 + Level 4.1 Dodging


You had 5 spell levels left.
You didn't know any spells.

Dungeon Overview and Level Annotations

Branches:
Dungeon (5/15)
 Temple: D:4-7

Altars:
Ashenzari
Ru
Sif Muna

Annotations:
D:4 Sigmund
D:5 Pikel


Innate Abilities, Weirdness & Mutations

You reflexively headbutt those who attack you in melee.
You have a pair of horns on your head.


Message History

Pikel shouts!
The slave shouts!
You hear a shout! x3
Found a blowgun, a scroll labeled EMAPPOS SACKI and a chain mail.
There is a stone staircase leading up here.
Sigmund casts a spell.
Sigmund flickers and vanishes!
Deactivating autopickup; reactivate with Ctrl-A.
The slave hits you.
* * * LOW HITPOINT WARNING * * *
You climb upwards.
There is a stone staircase leading down, spattered with blood here.
You hit the slave but do no damage. Your headbutt misses the slave.
You miss something.
You hear some strange, mumbled words.
You are confused.
The slave hits you.
* * * LOW HITPOINT WARNING * * *
You closely miss the slave. Your headbutt misses the slave.
You completely miss something. The slave closely misses you.
Something hits you!
You die...

. #.........##
#..........#.........#
#..........#.........#
#..........# .
#..........# ..
#..........#..(
#..............
#......p.......
#......@.......
#......%...?...
###########.... ... #


You could see a slave.

Vanquished Creatures
  The ghost of ThereIsNoGod the Sneak, an amateur OpAs (D:3)
  The ghost of dscm the Chopper, a weakling DsGl (D:4)
  A hound (D:4)
  A hound skeleton (D:4)
  Robin (D:4)
  4 gnolls (D:2)
  An adder (D:3)
  An ooze (D:2)
  3 worms
  4 dart slugs
  2 leopard geckos
  An orc (D:3)
  2 ball pythons (D:3)
  6 bats
  2 giant cockroaches
  16 goblins
  14 hobgoblins
  10 jackals (D:1)
  3 kobolds
  7 frilled lizards
  7 rats
88 creatures vanquished.

Notes
Turn   | Place    | Note
-------+----------+-------------------------------------------
     0 | D:1      | papiloppo the Minotaur Berserker began the quest for the Orb.
     0 | D:1      | Reached XP level 1. HP: 19/19 MP: 0/0
   556 | D:1      | Reached XP level 2. HP: 19/27 MP: 1/1
  1131 | D:1      | Reached XP level 3. HP: 32/33 MP: 2/2
  1239 | D:1      | Reached ** piety under Trog
  2110 | D:2      | Reached XP level 4. HP: 41/41 MP: 3/3
  2630 | D:2      | Found a deep blue altar of Sif Muna.
  2948 | D:3      | Noticed ThereIsNoGod's ghost (amateur OpAs)
  2958 | D:3      | Killed ThereIsNoGod's ghost
  2958 | D:3      | Reached skill level 5 in Fighting
  2958 | D:3      | Reached skill level 5 in Axes
  2958 | D:3      | Reached XP level 5. HP: 22/48 MP: 4/4
  3799 | D:3      | Found a sacrificial altar of Ru.
  3810 | D:3      | Found a shattered altar of Ashenzari.
  3959 | D:4      | Reached XP level 6. HP: 51/56 MP: 5/5
  3978 | D:4      | Noticed Robin
  3983 | D:4      | Reached *** piety under Trog
  3993 | D:4      | Killed Robin
  4022 | D:4      | Noticed dscm's ghost (weakling DsGl)
  4025 | D:4      | Noticed Sigmund
  4026 | D:4      | Killed dscm's ghost
  4042 | D:5      | Entered Level 5 of the Dungeon
  4042 | D:5      | Noticed Pikel
  4042 | D:5      | Noticed a slave
  4044 | D:5      | Noticed a slave
  4045 | D:4      | HP: 2/56 [slave[Pikel] (4)]
  4046 | D:4      | Mangled by Sigmund

Skill      XL: |  1  2  3  4  5  6 |
---------------+-------------------+-----
Fighting       | 4 5 |  5.5
Axes           | 4 5 |  5.4
Armour         | 3 4 |  4.4
Dodging        | 3 4 |  4.1

Action                   |  1- 3 |  4- 6 || total
-------------------------+-------+-------++-------
Melee: Hand axe          |    87 |    95 ||   182
       Headbutt          |    12 |    13 ||    25
Invok: Berserk           |       |     1 ||     1
  Use: Scroll            |       |     4 ||     4
       Potion            |       |     1 ||     1
  Eat: Chunk             |     3 |     3 ||     6
       Bread ration      |       |     1 ||     1
Armor: Animal skin       |    21 |       ||    21
       Scale mail        |       |    10 ||    10
       Ring mail         |       |    18 ||    18
Dodge: Dodged            |    69 |    69 ||   138
